Cogmind - Beta 11 X6 @@@ ROGUE MODE // 2021.07.21 @ 22:24:08 Player: Amy! Result: Destroyed by S-10 Pest with Light Assault Rifle Performance ------------- Evolutions (1) 500 Regions Visited (2) 400 Robots Destroyed (0) 0 Value Destroyed (0) 0 Prototype IDs (4) 80 Alien Tech Used (0) 0 Bonus (200) 200 TOTAL SCORE: 1180 Bonus ------- Pacifist 200 Cogmind --------- Core Integrity 0/400 Matter 280/300 Energy 73/100 System Corruption 2% Temperature Cool (0) Movement Flying (37) Location -9/Materials Parts ------- > --- POWER (1) -------- (None) > --- PROPULSION (3) --- Flight Unit Flight Unit > --- UTILITY (3) ------ (None) > --- WEAPON (2) ------- (None) > --- INVENTORY (5) ---- Ion Engine Ion Engine Small Storage Unit Medium Storage Unit Propulsion Shielding Peak State ------------ > --- POWER ------------ (None) > --- PROPULSION ------- Flight Unit Flight Unit > --- UTILITY ---------- (None) > --- WEAPON ----------- (None) > --- INVENTORY -------- Ion Engine Ion Engine Small Storage Unit Medium Storage Unit Propulsion Shielding [Rating: 2] Favorites ----------- Power Ion Engine Engine Ion Engine Propulsion Flight Unit Flight Unit Flight Unit Utility None Weapon None Build | -11 -10 -9 ------- Run | Scr Mat Mat Slots Evolved 2 | . . 2 Power . | . . . Propulsion 1 | . . 1 Utility 1 | . . 1 Weapon . | . . . Parts Attached 3 | 1 . 2 Power 1 | 1 . . Engine 1 | 1 . . Core . | . . . Reactor . | . . . Propulsion 2 | . . 2 Treads . | . . . Leg . | . . . Wheel . | . . . Hover . | . . . Flight 2 | . . 2 Utility . | . . . Device . | . . . Storage . | . . . Processor . | . . . Hackware . | . . . Protection . | . . . Artifact . | . . . Weapon . | . . . Energy Gun . | . . . Energy Cannon . | . . . Ballistic Gun . | . . . Ballistic Cannon . | . . . Launcher . | . . . Special Weapon . | . . . Impact Weapon . | . . . Slashing Weapon . | . . . Piercing Weapon . | . . . Special Melee Weapon . | . . . Unidentified Prototypes . | . . . Parts Lost . | . . . Power . | . . . Propulsion . | . . . Utility . | . . . Weapon . | . . . Highest Loss Streak . | . . . Average Slot Usage (%) . | . . 1 Naked Turns 158 | . 84 74 Heaviest Build 5 | 5 . . Greatest Support 4 | 3 3 4 Greatest Overweight (x) 1 | 1 . . Average Overweight (x) . | . . . Largest Inventory Capacity 5 | 5 5 5 Average Capacity 5 | 5 5 5 Most Carried 5 | 3 4 5 Average Carried 3 | 1 3 4 Final Capacity 5 | 5 5 5 Final Carried 5 | 3 4 5 Class Distribution -------------------- 100% | Mutant Dominant Class ---------------- Mutant | -10/Materials Mutant | -9/Materials Resources | -11 -10 -9 ----------- Run | Scr Mat Mat Matter Collected 210 | 210 . . Remotely . | . . . Salvage Created . | . . . Parts . | . . . Haulers Intercepted . | . . . Recyclers Shooed . | . . . Parts Field Recycled . | . . . Retrieved Matter . | . . . Parts Self-Destructed . | . . . Prevented . | . . . Kills | -11 -10 -9 ------- Run | Scr Mat Mat Combat Hostiles Destroyed . | . . . Classes Destroyed . | . . . Best Kill Streak . | . . . Combat Bots Only . | . . . Max Kills in Single Turn . | . . . Gunslinging . | . . . Exploded . | . . . Melee . | . . . Uniques/NPCs Destroyed . | . . . Combat | -11 -10 -9 -------- Run | Scr Mat Mat Damage Taken 413 | . . 413 Core 405 | . . 405 Absorbed by Shields . | . . . Core Remaining (%) 100 | 100 100 . Volleys Fired . | . . . Largest . | . . . Hottest . | . . . Shots Fired . | . . . Gun . | . . . Cannon . | . . . Launcher . | . . . Special . | . . . Kinetic . | . . . Thermal . | . . . Explosive . | . . . Electromagnetic . | . . . Robot Hit Streak . | . . . Robot Miss Streak . | . . . Penetration Max . | . . . Secondary Targets . | . . . Shots Hit Robots . | . . . Core Hits . | . . . Critical Kills . | . . . Critical Parts Destroyed . | . . . Critical Strikes . | . . . Melee Attacks . | . . . Impact . | . . . Slashing . | . . . Piercing . | . . . Sneak Attacks . | . . . Combat Hostiles . | . . . Follow-up Attacks . | . . . Damage Inflicted 24 | . . 24 Guns . | . . . Cannons . | . . . Explosions . | . . . Melee . | . . . Ramming 24 | . . 24 Kinetic . | . . . Thermal . | . . . Explosive . | . . . Electromagnetic . | . . . Impact . | . . . Slashing . | . . . Piercing . | . . . Highest Corruption 2 | . . 2 Average Corruption 1 | . . 1 Corruption Purged . | . . . Overload Shots . | . . . Overflow Damage . | . . . Projectiles . | . . . Explosions . | . . . Melee . | . . . Knockbacks . | . . . Impact . | . . . Kinetic . | . . . Secondary . | . . . Self-Inflicted Damage 10 | . . 10 Shots . | . . . Rammed 7 | . . 7 Targets Rammed 7 | . . 7 Kicked . | . . . Crushed . | . . . Highest Temperature . | . . . Average Temperature . | . . . Received Heat Transfer 45 | . . 45 Siege Activations . | . . . Robots Corrupted . | . . . Combat Hostiles . | . . . Parts Fried . | . . . Impact Corruptions . | . . . Robots Melted . | . . . Combat Hostiles . | . . . Parts Melted . | . . . Heat Transferred . | . . . Parts Sabotaged . | . . . Parts Stolen . | . . . Parts Stripped . | . . . Power Chain Reactions . | . . . Missiles Intercepted . | . . . Alert | -11 -10 -9 ------- Run | Scr Mat Mat Peak Influence 50 | . 49 50 Initial 20 | . . 20 Average 28 | . 32 32 Maximum Alert Level . | . . . Low Security (%) 100 | 100 100 100 Level 1 . | . . . Level 2 . | . . . Level 3 . | . . . Level 4 . | . . . Level 5 . | . . . High Security . | . . . Max Security . | . . . Squads Dispatched 2 | . . 2 Investigation 1 | . . 1 Extermination . | . . . Reinforcement 1 | . . 1 Assault . | . . . Garrison . | . . . Intercept . | . . . Construction Impeded . | . . . Haulers Reinforced . | . . . Active Scanning Responses . | . . . Cargo Convoy Interrupts . | . . . Stealth | -11 -10 -9 --------- Run | Scr Mat Mat Distress Signals 2 | . . 2 Communications Jammed . | . . . Distress Signals . | . . . Times Spotted 14 | . . 14 Peak Tracking Total 14 | . . 14 Tactical Retreats . | . . . Traps | -11 -10 -9 ------- Run | Scr Mat Mat Traps Triggered . | . . . Indirectly . | . . . Trap Hack Attempts . | . . . Triggered . | . . . Disarmed . | . . . Reprogrammed . | . . . Reused . | . . . Traps Extracted . | . . . Installed . | . . . Triggered . | . . . Machines | -11 -10 -9 ---------- Run | Scr Mat Mat Machines Disabled . | . . . Max in Single Turn . | . . . Machines Sabotaged . | . . . Garrisons Compromised . | . . . Overloaded Fab Kills . | . . . Fab Network Shutdowns . | . . . Hacking | -11 -10 -9 --------- Run | Scr Mat Mat Machines Accessed 7 | . 5 2 Terminals 6 | . 5 1 Fabricators . | . . . Repair Stations . | . . . Recycling Units 1 | . . 1 Scanalyzers . | . . . Garrison Access . | . . . Total Hacks 22 | . 18 4 Successful 10 | . 9 1 Failed 12 | . 9 3 Catastrophic . | . . . Database Lockouts . | . . . Manual 13 | . 10 3 Terminals 21 | . 18 3 Fabricators . | . . . Repair Stations . | . . . Recycling Units 1 | . . 1 Scanalyzers . | . . . Garrison Access . | . . . Terminal Hacks 8 | . 8 . Part Schematic 1 | . 1 . Prototype ID Bank 2 | . 2 . Level Access Points 1 | . 1 . Branch Access Points 1 | . 1 . Hauler Manifests 1 | . 1 . Registered Components 1 | . 1 . Registered Prototypes 1 | . 1 . Fabricator Hacks . | . . . Repair Station Hacks . | . . . Recycling Unit Hacks 1 | . . 1 Report Inventory 1 | . . 1 Scanalyzer . | . . . Garrison Access Hacks . | . . . Unauthorized Hacks 1 | . 1 . Terminals 1 | . 1 . Botnet 1 | . 1 . Fabricators . | . . . Repair Stations . | . . . Recycling Units . | . . . Scanalyzers . | . . . Garrison Access . | . . . Data Cores Recovered . | . . . Used . | . . . Hacking Detections 5 | . 4 1 Full Trace Events 1 | . . 1 Feedback Events 1 | . . 1 Corruption 1 | . . 1 Feedback Blocked . | . . . Robot Schematics Acquired . | . . . Robots Built . | . . . Matter . | . . . Time . | . . . Total Robot Build Rating . | . . . Part Schematics Acquired 1 | . 1 . Parts Built . | . . . Matter . | . . . Time . | . . . Total Part Build Rating . | . . . Parts Repaired . | . . . Time . | . . . Parts Recycled . | . . . Recycled Matter . | . . . Retrieved Matter . | . . . Retrieved Components . | . . . Parts Scanalyzed . | . . . Part Schematics Acquired . | . . . Parts Damaged . | . . . Bothacking | -11 -10 -9 ------------ Run | Scr Mat Mat Used RIF Installer . | . . . Robots Hacked . | . . . Non-combat . | . . . Combat . | . . . Robot Hacks Applied . | . . . Relay Couplers Released . | . . . Robots Rewired . | . . . Allies Hacked . | . . . Hacks Repelled . | . . . Allies | -11 -10 -9 -------- Run | Scr Mat Mat Total Allies . | . . . Largest Group . | . . . Highest-Rated Group . | . . . Highest-Rated Ally . | . . . Total Orders . | . . . Ally Attacks . | . . . Total Damage . | . . . Kills . | . . . Allies Corrupted . | . . . Allies Melted . | . . . Intel | -11 -10 -9 ------- Run | Scr Mat Mat Robot Analysis Total . | . . . Derelict Logs Recovered . | . . . Drone Launches . | . . . Drone Recoveries . | . . . Exploration | -11 -10 -9 ------------- Run | Scr Mat Mat Turns Passed 181 | 20 84 77 Spaces Moved 309 | 30 148 131 Core 307 | 30 148 129 Treads . | . . . Legs . | . . . Wheels . | . . . Hover . | . . . Flight 2 | . . 2 Fastest Speed 40 | 50 50 40 Average Speed 50 | 53 50 49 Slowest Speed 100 | 100 50 50 Overloaded Moves . | . . . Propulsion Burnouts . | . . . Robots Hopped . | . . . Cave-ins Triggered . | . . . Exploration Rate (%) 20 | 2 39 20 Regions Visited 2 Branch Regions . Pre-discovered Areas . | . . . Known Exits Taken 1 | . 1 . Unknown Exits Taken 1 | 1 . . Scrap Searched . | . . . Spaces Dug . | . . . Terrain Destroyed . | . . . Melee . | . . . Projectile . | . . . AOE . | . . . Terrain Rammed . | . . . Walls Destroyed . | . . . Machines Disabled . | . . . Actions | -11 -10 -9 --------- Run | Scr Mat Mat Total 332 | 33 157 142 Wait 10 | . 9 1 Move 307 | 29 147 131 Hop . | . . . Pick Up 4 | 2 1 1 Fast Attach 3 | 1 . 2 Attach . | . . . Detach 1 | 1 . . Swap . | . . . Drop . | . . . Fire . | . . . Melee . | . . . Ram 7 | . . 7 Kick . | . . . Crush . | . . . Escape Stasis . | . . . Rewire . | . . . Trap . | . . . Miscellaneous . | . . . Route ------- -11/Scrapyard -10/Materials (discovered 4 exits: *Mat x3 / Min) -9/Materials History --------- Turn | Location | Event 12 | -11/Scrapyard | Discovered new exit (range 16) 21 | -11/Scrapyard | Entered Materials 38 | -10/Materials | Identified exit to Mines 83 | -10/Materials | Identified exit to Materials 105 | -10/Materials | Entered another Materials area 105 | -9/Materials | Evolved 2 slots: Propulsion x1, Utility x1 170 | -9/Materials | Core integrity fell below 50% 176 | -9/Materials | Core integrity fell below 20% 182 | -9/Materials | Destroyed by S-10 Pest with Light Assault Rifle Last Messages --------------- 00146_ Connecting with Terminal... Feedback: System corruption (+1%). 00146_ ALERT: Suspicious activity at Terminal M003. Dispatching Investigation squad. 00148_ K-01 Serf collects debris. 00149_ O-16 Technician: "IFF HANDSHAKE FAILED. SECURING TERMINAL." 00150_ O-16 Technician sends out distress signal. 00150_ O-16 Technician uses terminal to summon reinforcements. 00150_ ALERT: Hostiles spotted, dispatching reinforcements to Terminal M010. 00150_ O-16 Technician locks terminal. 00152_ K-01 Serf collects debris. 00155_ W-16 Scout sends out distress signal. 00170_ S-10 Pest destroyed. 00172_ Slammed into S-10 Pest. 00175_ Slammed into Y-45 Defender. 00176_ Slammed into S-10 Pest. 00176_ Destabilizing: System corrupted (+1). 00177_ Slammed into S-10 Pest. 00179_ Acquired Flight Unit. Map ----- +----------------------------------------------------+ | ?????????????????????????????????????????????????? | | ?????????????????????????????????????????????????? | | ?????????????????????????????????????????????????? | | ?????????????????????????????????????????????????? | | ?????????????????????????????????????????????????? | | ??????????????????????? #???????????????????????? | | ???????????#??????????? #???????????????????????? | | ???????????? ?"""""???? #???????????????????????? | | ????????????? """""???? #???????????????????????? | | ?????????????? """????? +???????????????????????? | | ##????????????? ????? #???????????????????????? | | #########?????#/#?????# #???????????????????????? | | # #???### ###?### ###?????????????????????? | | # ##### #?# ########## ???????????? | | # ### ???????????? | | + T T ??????????? | | # ### ???????????? | | # ! ##### #?# ###### #??????????????? | | # % #???## ######+#####???????????????????? | | ##* ##????# #?# #???????????????????? | | ### #?????# #?# #???????????????????? | | #?# #?????# #?# s #???????????????????? | | ??# #?????# #?# #???????????????????? | | ??# #?????# #?# #???????????????????? | | ??# #?????# #?# = #???????????????????? | | ??# #?????# #?# %@ #???????????????????? | | ??# #?????# #?# %s #???????????????????? | | ??# #?????# #?# %*sg #???????????????????? | | ??# #?????# #?#####s####???????????????????? | | ??# #?????# #?????#%#??######??????????????? | | ??# #????## #?????#Y#??[= #??????????????? | | ??# #??? ?# #????##%## [= #??????????????? | | ### ###/### ######g% # [ #??????????????? | | % / #??????????????? | | ### ##/####?#+##### # #??????????????? | | ??# #?????????????##### #??????????????? | | ??#]]//[[#???????????????????######??????????????? | | ??#]]//[[#???????????????????????????????????????? | | ??########???????????????????????????????????????? | | #????????????????????????????????????????????????? | | #????????????????????????????????????????????????? | | #????????????????????????????????????????????????? | | #????????????????????????????????????????????????? | | #????????????????????????????????????????????????? | | #????????????????????????????????????????????????? | | #????????????????????????????????????????????????? | | ?????????????????????????????????????????????????? | | ###??????????????????????????????????????????????? | | !!##?????????????????????????????????????????????? | | #?????????????????????????????????????????????? | +----------------------------------------------------+ Best States ------------- Heat Dissipation 28 Energy Generation 5 Energy Capacity 100 Matter Stores 300 Matter Capacity 300 Sight Range 16 Terrain Scan Density 10 Evasion (%) 50 Item Schematics ----------------- Flight Unit | -10/Materials | Hacked Robot Schematics ------------------ None Fabricated ------------ Nothing Alien Tech Used ----------------- None Achievements -------------- None Challenges ------------ None Game ------ Seed DiametricProtonAxe Manual? 0 Play Time 00:05:40 Cumulative 95.2 hours Start 2021.07.21 @ 22:20:00 End 2021.07.21 @ 22:24:08 Sessions 1 Manual Loads 0 Difficulty Rogue Special Mode None Game No. 66 Rogue 66 Adventurer 0 Explorer 0 Win Type - Total 1 Types 1/0/0/0/0/0/0/0/0 Lore% 54 Gallery% 59 Achievement% 52 Wizard Run 0 Options --------- ASCII 1 Keyboard 1 Movement Vi Keybinds 0 Fullscreen 2 Font 18/SmallcapsGlow Map View 76x50 Tactical HUD 1 Map Filters NONE Filters NONE Steam 1 RUN: f74d64f1-9525-4eed-80a5-0e01af8f5a63